 Dungeon Crawl Stone Soup version 0.31-a0-277-g31ea1f65cc (webtiles) character file.

Game seed: 8146203726413009672

611 Flugkiller the Ruffian (level 7, -2/48 HPs)
             Began as an Octopode Shapeshifter on July 15, 2023.
             Was a Follower of Jiyva.
             Slain by a gnoll
             ... wielding a +0 spear
             ... led by a gnoll bouda
              (4 damage)
             ... on level 5 of the Dungeon.
             The game lasted 00:04:52 (4089 turns).

Flugkiller the Ruffian (Octopode Shapeshifter)      Turns: 4089, Time: 00:04:53

Health: -2/48      AC:  1    Str: 17    XL:     7   Next: 44%
Magic:  7/7        EV: 14    Int: 10    God:    Jiyva [*.....]
Gold:   315        SH:  0    Dex: 12    Spells: 6/6 levels left

rFire   . .          .
                       - Unarmed
rCold   . . .        (no shield)
rNeg    . . .        (helmet currently unavailable)
rPois   .            (no amulet)
rElec   .            (no ring)
rCorr   .            (no ring)
SInv    .            (no ring)
Will    .....        (no ring)
Stlth   ++           (no ring)
HPRegen 1.08/turn    (no ring)
MPRegen 0.35/turn    (no ring)
                     (no ring)

%: no passive effects
@: beast-form
A: beast (slay +2), almost no armour, amphibious, 8 rings, camouflage 1,
gelatinous body 1, (nimble swimmer 1), tentacles
a: Begin Untransformation, Renounce Religion


You were on level 5 of the Dungeon.
You worshipped Jiyva.
Jiyva was aware of your devotion.
You were a hulking beast.
You visited 1 branch of the dungeon, and saw 5 of its levels.
You also visited: Sewer.

You collected 315 gold pieces.

Inventory:

Missiles
 i - 2 throwing nets
Talismans
 b - a beast talisman
Wands
 o - a wand of roots (9)
   (You found it on level 4 of the Dungeon)
Scrolls
 e - 2 scrolls of blinking {unknown}
 h - 3 scrolls of revelation
 l - 2 scrolls of immolation
 m - a scroll of fog
 q - a scroll of enchant weapon {unknown}
 t - a scroll of teleportation
Potions
 a - a potion of lignification
 c - 2 potions of cancellation
 d - 2 potions of attraction
 f - 3 potions of mutation
 g - 2 potions of brilliance {unknown}
 j - 2 potions of curing {unknown}
 k - a potion of enlightenment {unknown}
 n - 4 potions of haste {unknown}
 p - a potion of heal wounds {unknown}


   Skills:
 + Level 4.0 Fighting
 + Level 4.1 Dodging
 * Level 5.6 Unarmed Combat
 + Level 2.3 Evocations
 - Level 3.0 Shapeshifting


You had 6 spell levels left.
You didn't know any spells.
Your spell library contained the following spells:

 Spells                   Type           Power      Damage    Failure   Level
 Ozocubu's Armour         Ice            0%         N/A       75%         3
 Fireball                 Conj/Fire      0%         3d3       100%        5
 Iskenderun's Battlesphe  Conj           0%         2d6       100%        5
 Conjure Ball Lightning   Conj/Air       0%         3x3d6     100%        6
 Orb of Destruction       Conj           0%         9d5       100%        7
 Ozocubu's Refrigeration  Ice            0%         4d7       100%        7


Dungeon Overview and Level Annotations

Branches:
Dungeon (5/15) Zot: 26301  Temple (0/1) D:5           Sewer (visited)

Altars:

Shops:
D:3 [


Innate Abilities, Weirdness & Mutations

You are a hulking beast.
Your limbs bulge with bestial killing power. (Slay +2)
You cannot wear most types of armour.
You are amphibious.
You can wear up to eight rings at the same time.
Your skin changes colour to match your surroundings (Stealth+).
Your rubbery body absorbs attacks. (AC +1, EV +1)
((You are camouflaged when in or above water. (Stealth+)))
You have tentacles for arms and can constrict up to eight enemies at once.


Message History

HP restored.
You hear a series of splatters.
You hear a distant slurping noise.
You see here a +0 halberd.
You swap places.
You hear a slurping noise.
You enter the shallow water.
You hear a slurping noise.
You hear a distant slurping noise.
Found an escape hatch in the ceiling.
Blork the orc comes into view.
He is wielding a +2 short sword of protection.
Blork the orc shouts!
Blork the orc mumbles some strange words.
Blork the orc seems to speed up.
Blork the orc is nearby!
Unknown command.
Aiming: Fastroot
Press: ? - help, Shift-Dir - straight line, f - you
Okay, then.
Aiming: Fastroot
Press: ? - help, Shift-Dir - straight line, f - Blork the orc
Aim: Blork the orc, wielding a +2 short sword of protection and wearing a +0 robe (fast)
The roots erupt in riotous growth!
Roots grab Blork the orc.
The jelly is unaffected.
The grasping roots constrict Blork the orc, but do no damage.
Blork the orc struggles to escape constriction.
Blork the orc gestures at you while chanting.
The puff of frost hits you!
The grasping roots constrict Blork the orc!
Blork the orc misses you.
The jelly hits Blork the orc.
Blork the orc is splashed with acid.
The acid corrodes Blork the orc!
You bludgeon Blork the orc! You squeeze Blork the orc!
You kill Blork the orc!
Your Fighting skill increases to level 4!
No target in view!
No target in view!
You hear a series of splatters.
Things that are here:
a +2 short sword of protection; a +0 robe; the orc corpse of Blork the orc You hear a slurping noise.
You hear a distant slurping noise.
A gnoll bouda and a gnoll come into view.
There are monsters nearby!
There are monsters nearby!
There are monsters nearby!
A gnoll comes into view. It is wielding a +0 spear.
A gnoll comes into view. It is wielding a +0 spear.
The gnoll shouts! x2
A gnoll comes into view. It is wielding a +0 spear.
The gnoll bouda shouts!
The gnoll shouts!
The gnoll shouts!
The gnoll closely misses you.
The gnoll bouda barks out a call to the hunt!
The gnolls pick up the pace!
You see here a scroll of identify.
You bludgeon the gnoll! You grab the gnoll.
The gnoll is heavily wounded.
You constrict the gnoll. The gnoll hits you with a +0 spear.
You barely miss the gnoll.
The gnoll is severely wounded.
You constrict the gnoll.
You kill the gnoll!
The gnoll hits you from afar with a +0 spear.
The gnoll bouda hits you with a +0 club.
You tentacle-slap the gnoll bouda. You grab the gnoll bouda.
The gnoll bouda is lightly wounded.
You constrict the gnoll bouda.
The gnoll hits you from afar with a +0 spear.
The gnoll bouda closely misses you.
You tentacle-slap the gnoll bouda.
The gnoll bouda is heavily wounded.
You constrict the gnoll bouda.
The gnoll hits you from afar with a +0 spear!
The gnoll bouda hits you with a +0 club!
You are too injured to fight recklessly!
You are too injured to fight recklessly!
You tentacle-slap the gnoll bouda. You squeeze the gnoll bouda.
The gnoll bouda is severely wounded.
You constrict the gnoll bouda, but do no damage.
The gnoll hits you from afar with a +0 spear.
* * * LOW HITPOINT WARNING * * *
The gnoll bouda hits you with a +0 club!
* * * LOW HITPOINT WARNING * * *
Okay, then.
Okay, then.
Okay, then.
You release your grip on the gnoll bouda.
As you read the scroll of teleportation, it crumbles to dust.
You feel strangely unstable.
The gnoll hits you from afar with a +0 spear.
* * * LOW HITPOINT WARNING * * *
The gnoll bouda prays to its god.
The gnoll bouda is healed somewhat.
It was a potion of cancellation.
You feel strangely stable.
You feel magically purged.
The gnoll hits you from afar with a +0 spear.
You die...

#..# #...
#..# ####
##.# #.##
#..# ##.##
. ##..###
..
#.....###
.#
#..###hgg#
#..#
###gg.#
#..#
##....#
...# #...
..# #. ..


You could see a gnoll bouda and 3 gnolls.

Vanquished Creatures
  Menkaure (D:5)
  Blork the orc (D:5)
  2 jellies (Sewer)
  An orc priest (D:3)
  12 gnolls
  A river rat (D:4)
  7 adders
  4 worms
  4 dart slugs
  12 orcs
  9 ball pythons
  13 endoplasms
  14 giant cockroaches
  10 goblins
  8 hobgoblins
  2 jackals (D:1)
  4 kobolds
  5 quokkas
  6 bats
  10 frilled lizards
  13 rats
139 creatures vanquished.

Vanquished Creatures (others)
  A gnoll (D:4)
  An adder (D:4)
2 creatures vanquished.

Grand Total: 141 creatures vanquished

Notes
Turn   | Place    | Note
-------+----------+-------------------------------------------
     0 | D:1      | Flugkiller the Octopode Shapeshifter began the quest for
                  | the Orb.
     0 | D:1      | Reached XP level 1. HP: 14/14 MP: 1/1
   107 | D:1      | Reached XP level 2. HP: 15/19 MP: 2/2
   357 | D:1      | Reached XP level 3. HP: 25/25 MP: 3/3
   716 | D:2      | Reached skill level 3 in Unarmed Combat
   830 | D:2      | You fall into a shaft and drop 1 floor!
   842 | D:3      | Found Nuena's Armour Shop.
   911 | D:3      | Reached XP level 4. HP: 28/30 MP: 4/4
  1405 | D:3      | Reached XP level 5. HP: 25/36 MP: 5/5
  2032 | D:2      | Reached skill level 4 in Unarmed Combat
  2885 | D:4      | Found a glowing drain.
  2896 | D:4      | Reached XP level 6. HP: 28/42 MP: 6/6
  2898 | Sewer    | Entered a sewer
  3001 | Sewer    | Found a viscous altar of Jiyva.
  3047 | Sewer    | Reached skill level 1 in Evocations
  3263 | Sewer    | Became a worshipper of Jiyva Jiuthrea the Shapeless
  3578 | D:4      | Reached skill level 5 in Unarmed Combat
  3739 | D:5      | Entered Level 5 of the Dungeon
  3743 | D:5      | Reached * piety under Jiyva
  3760 | D:5      | Found a staircase to the Ecumenical Temple.
  3900 | D:5      | Reached XP level 7. HP: 47/47 MP: 7/7
  3941 | D:5      | Noticed Menkaure
  3949 | D:5      | Killed Menkaure
  4048 | D:5      | Noticed Blork the orc
  4053 | D:5      | Killed Blork the orc
  4088 | D:5      | HP: 1/48 [gnoll/+0 spear[a gnoll bouda] (5)]
  4089 | D:5      | Slain by a gnoll

Illustrated notes

Levels and vault maps discovered:
D:1:      dpeg_arrival_tiny_i, layout_loops_ring
D:2:      layout_rooms
D:3:      layout_basic, serial_shops, shop
D:4:      layout_gridville, gup_sewer_entry_bubbles
D:5:      layout_cave_pods, minmay_temple_entry_mist, uniq_blork_the_orc,
          uniq_menkaure

Skill      XL: |  1  2  3  4  5  6  7 |
---------------+----------------------+-----
Unarmed Combat | 3 4 5 |  5.6
Fighting       | 3 4 |  4.0
Dodging        | 3 4 |  4.1
Evocations     | 1 2 |  2.3
Shapeshifting  | |  3.0

Action                     |  1- 3 |  4- 6 |  7- 9 || total
---------------------------+-------+-------+-------++-------
  Melee: Unarmed           |    50 |   200 |    10 ||   260
         Tentacles         |    11 |    34 |     2 ||    47
         Constrict         |    13 |    58 |     3 ||    74
         Punch             |     2 |     8 |     1 ||    11
  Evoke: Wand              |       |       |     1 ||     1
    Use: Scroll            |       |     7 |     1 ||     8
         Potion            |       |       |     1 ||     1
   Stab: Sleeping          |     5 |    24 |       ||    29
 Armour: Skin              |     1 |    11 |       ||    12
  Dodge: Dodged            |    28 |    90 |     4 ||   122
         Form:             |     1 |       |       ||     1
         Beast             |     1 |       |       ||     1

Table legend: (Time is in decaauts)
 A = Elapsed time spent in this place.
 B = Non-inter-level travel time spent in this place.
 C = Inter-level travel time spent in this place.
 D = Time resting spent in this place.
 E = Time spent auto-exploring this place.
 F = Levels seen in this place.
 G = Mean time per level.
                   A        B        C        D        E       F      G
               +--------+--------+--------+--------+--------+-----+--------+
         Total |   4071 |   3924 |    147 |    481 |   2402 |   6 |  678.5 |
       Dungeon |   3697 |   3550 |    147 |    346 |   2318 |   5 |  739.4 |
         Sewer |    374 |    374 |      0 |    135 |     84 |   1 |  374.0 |
               +--------+--------+--------+--------+--------+-----+--------+

Top non-repeatable levels by time:
     D:3: 1184 daAuts
     D:4: 761 daAuts
     D:1: 707 daAuts
     D:2: 695 daAuts
   Sewer: 374 daAuts
     D:5: 347 daAuts
